 Dungeon Crawl Stone Soup version 0.28.0-45-g0d030f2227 (webtiles) character file.

Game seed: 15346387790242752986

61 pkoi the Insei (level 3, -4/29 HPs)
             Began as a Demigod Warper on Apr 11, 2022.
             Killed from afar by Ijyb (33 damage)
             ... with a bolt of acid
             ... on level 3 of the Dungeon.
             The game lasted 00:03:13 (2862 turns).

pkoi the Insei (Demigod Warper)                     Turns: 2862, Time: 00:03:13

Health: -4/29      AC:  8    Str: 12    XL:     3   Next: 58%
Magic:  8/8        EV: 11    Int: 19    God:
Gold:   112        SH:  0    Dex: 13    Spells: 3/5 levels left

rFire   + . .      SeeInvis .   r - +2 whip (flame)
rCold   . . .      Faith    .   (no shield)
rNeg    . . .      Spirit   .   a - +0 leather armour
rPois   .          Reflect  .   u - +0 helmet
rElec   .          Harm     .   h - +2 cloak
rCorr   .          Rampage  .   (no gloves)
Will    .....                   o - +0 pair of boots
Stlth   +.........              (no amulet)
HPRegen 0.09/turn               l - ring of protection from fire
MPRegen 0.11/turn               (no ring)

@: no status effects
A: high MP 1, forlorn, divine attributes
a: no special abilities


You were on level 3 of the Dungeon.
You visited 1 branch of the dungeon, and saw 3 of its levels.

You collected 112 gold pieces.

Inventory:

Hand Weapons
 d - a +0 short sword
 r - a +2 whip of flaming (weapon)
Missiles
 c - 5 boomerangs of dispersal (quivered)
 f - 6 poisoned darts
Armour
 a - a +0 leather armour (worn)
 h - a +2 cloak (worn)
 o - a +0 pair of boots (worn)
 u - a +0 helmet (worn)
Jewellery
 l - a ring of protection from fire (left hand)
Scrolls
 b - 2 scrolls of blinking
 i - 2 scrolls of identify {unknown}
 j - 2 scrolls of acquirement {unknown}
 n - 3 scrolls of fear {unknown}
 p - a scroll of vulnerability {unknown}
 q - 3 scrolls of fog {unknown}
 s - 2 scrolls of immolation {unknown}
Potions
 e - a potion of attraction {unknown}
 g - 2 potions of flight {unknown}
 k - a potion of degeneration {unknown}
 m - a potion of berserk rage {unknown}
 t - a potion of haste {unknown}
 v - a potion of ambrosia {unknown}


   Skills:
 - Level 1.7 Fighting
 - Level 0.8 Throwing
 - Level 0.8 Armour
 - Level 1.7 Dodging
 + Level 3.8 Unarmed Combat
 - Level 1.7 Spellcasting
 - Level 2.6 Translocations


You had 3 spell levels left.
You knew the following spells:

 Your Spells              Type           Power      Damage    Failure   Level
a - Blink                 Tloc           22%        N/A       11%         2

Your spell library contained the following spells:

 Spells                   Type           Power      Damage    Failure   Level
 Gell's Gravitas          Tloc           11%        N/A       22%         3
 Lesser Beckoning         Tloc           11%        N/A       22%         3
 Teleport Other           Tloc           11%        N/A       22%         3
 Manifold Assault         Tloc           11%        N/A       90%         5
 Fireball                 Conj/Fire      0%         3d3       99%         5
 Iskenderun's Battlesphe  Conj           1%         2d6       99%         5
 Conjure Ball Lightning   Conj/Air       0%         3x3d6     100%        6
 Orb of Destruction       Conj           0%         9d5       100%        7


Dungeon Overview and Level Annotations

Branches:
Dungeon (3/15)

Annotations:
D:3 1 runed translucent door, Ijyb; pkoi's ghost, amateur DgGl


Innate Abilities, Weirdness & Mutations

You have an increased reservoir of magic. (+10% MP)
You shall have no god before yourself.
Your divine heritage dramatically boosts your attributes as you level up.


Message History

No target in view!
No target in view!
No target in view!
No target in view!
No target in view!
Things that are here:
a +0 dagger; a kobold corpse
Found a stone staircase leading down.
You now have 112 gold pieces (gained 4).
Found a runed translucent door.
Pkoi's ghost turns its malevolent gaze towards you.
Pkoi's ghost whispers, "The ORB doesn't exist."
Pkoi's ghost says, "You will never get the ORB!"
There is a stone staircase leading up here.
A kobold comes into view. It is wielding a +0 club.
The kobold shouts!
The kobold hits you but does no damage.
You barely miss the kobold. The kobold completely misses you.
You hit the kobold. You burn the kobold.
The kobold is severely wounded.
The kobold closely misses you.
You hit the kobold. You burn the kobold.
You kill the kobold!
No target in view!
No target in view!
No target in view!
No target in view!
You see here a +0 club.
Found 19 stones.
There is an open door here.
A rat comes into view.
Found 18 sling bullets.
A rat is nearby!
Ijyb the Twisted Goblin comes into view.
She is wielding a +0 dagger and carrying a wand of acid (5).
Ijyb shouts!
You closely miss Ijyb.
Ijyb grins evilly.
Ijyb zaps a wand.
The bolt of acid hits you!!
Ouch! That really hurt!
You die...

###########...#######..#........)
#...# ##.#........) #...#
#.#......### ###########
#........# #####......#
#########.......# .....).....#
#...............# ...........#
#.........>.....# ...........#
#...............# ############
#.@.............#
#g#...########### ...#...#
#.r..##### #.... #.... #....
....#### #.... ....#..# .......#


You could see Ijyb and a rat.

Vanquished Creatures
  A worm (D:3)
  3 dart slugs
  An orc (D:3)
  5 ball pythons
  8 endoplasms
  2 giant cockroaches
  2 goblins (D:2)
  3 hobgoblins
  5 quokkas
  A bat (D:2)
  2 frilled lizards
  9 kobolds
  3 rats
45 creatures vanquished.

Vanquished Creatures (others)
  6 fungi (D:2)
  2 plants (D:2)
8 creatures vanquished.

Grand Total: 53 creatures vanquished

Notes
Turn   | Place    | Note
-------+----------+-------------------------------------------
     0 | D:1      | pkoi the Demigod Warper began the quest for the Orb.
     0 | D:1      | Reached XP level 1. HP: 17/17 MP: 5/5
   117 | D:1      | Reached skill level 2 in Unarmed Combat
   799 | D:1      | Reached XP level 2. HP: 24/24 MP: 7/7
  1180 | D:2      | Reached skill level 3 in Unarmed Combat
  1721 | D:2      | Reached XP level 3. HP: 29/29 MP: 8/8
  1724 | D:2      | Learned a level 2 spell: Blink
  2665 | D:3      | Found a runed translucent door.
  2668 | D:3      | Noticed pkoi's ghost (amateur DgGl)
  2861 | D:3      | Noticed Ijyb
  2862 | D:3      | Killed from afar by Ijyb

Illustrated notes

Levels and vault maps discovered:
D:1:      matt_arrival_los_fun, layout_loops_ring, minmay_heptomino_h4
D:2:      minmay_spotlight, layout_loops_corners, basic_altar,
          shapermc_ecumenical_altar_gd
D:3:      layout_basic, amcnicky_altar_gilded,
          gammafunk_temple_overflow_forgotten, gammafunk_ghost_grave, uniq_ijyb

Skill      XL: |  1  2 |
---------------+-------+-----
Unarmed Combat | 2 3 |  3.8
Fighting       | |  1.7
Throwing       | |  0.8
Armour         | |  0.8
Dodging        | |  1.7
Spellcasting   | |  1.7
Translocations | |  2.6

Action                   || total
-------------------------++-------
Melee: Short sword       ||    34
       Unarmed           ||    74
       Whip              ||    51
       Punch             ||     3
 Stab: Sleeping          ||     1
Armor: Leather armour    ||    41
Dodge: Dodged            ||    77
